 Dungeon Crawl Stone Soup version 0.28-a0-1616-g050a50673c (webtiles) character file.

Game seed: 9080781582419263546

1572 frimble the Cutter (level 8, -2/60 HPs)
             Began as a Demonspawn Warper on Jan 23, 2022.
             Killed by divine providence
             ... invoked by an orc priest
              (15 damage)
             ... on level 5 of the Dungeon.
             The game lasted 00:08:38 (5247 turns).

frimble the Cutter (Demonspawn Warper)              Turns: 5247, Time: 00:08:38

Health: -2/60      AC:  9    Str: 11    XL:     8   Next: 59%
Magic:  11/11      EV: 11    Int: 19    God:
Gold:   222        SH:  0    Dex: 13    Spells: 11/11 levels left

rFire   . . .      SeeInvis .   a - +0 short sword
rCold   . . .      Faith    .   (no shield)
rNeg    . . .      Spirit   .   i - +2 ring mail {rPois}
rPois   +          Reflect  .   (helmet restricted)
rElec   .          Harm     .   b - +0 cloak
rCorr   .          Rampage  .   w - +0 pair of gloves
Will    .....                   (no boots)
Stlth   +.........              e - amulet of regeneration
HPRegen 1.00/turn               (no ring)
MPRegen 0.12/turn               (no ring)

@: no status effects
A: horns 1, ignite blood 1, big brain 1
a: no special abilities


You were on level 5 of the Dungeon.
You visited 1 branch of the dungeon, and saw 5 of its levels.
You also visited: Ossuary.

You collected 222 gold pieces.

Inventory:

Hand Weapons
 a - a +0 short sword (weapon)
Missiles
 A - 2 boomerangs (quivered)
Armour
 b - a +0 cloak (worn)
 i - a +2 ring mail of poison resistance (worn)
 w - a +0 pair of gloves (worn)
Jewellery
 e - an amulet of regeneration (around neck)
Wands
 o - a wand of acid (4)
Scrolls
 c - 2 scrolls of blinking
 d - a scroll of vulnerability
 h - 3 scrolls of teleportation
 k - 2 scrolls of immolation
 l - 2 scrolls of enchant armour
 r - a scroll of fog
 s - 2 scrolls of fear
 t - 2 scrolls of identify
 v - a scroll of magic mapping
 x - a scroll of holy word {unknown}
 y - a scroll of noise {unknown}
Potions
 f - a potion of haste {unknown}
 g - a potion of invisibility {unknown}
 j - a potion of magic {unknown}
 m - 3 potions of curing {unknown}
 n - a potion of berserk rage {unknown}
 p - 3 potions of mutation {unknown}
 q - a potion of heal wounds
 u - a potion of flight {unknown}
 z - a potion of lignification {unknown}


   Skills:
 + Level 3.7 Fighting
 + Level 6.4 Short Blades
 - Level 6.0 Throwing
 - Level 1.1 Armour
 - Level 2.5 Dodging
 - Level 0.5 Stealth
 - Level 2.1 Spellcasting
 + Level 4.0 Translocations


You had 11 spell levels left.
You didn't know any spells.
Your spell library contained the following spells:

 Spells                   Type           Power      Damage    Failure   Level
 Blink                    Tloc           34%        N/A       12%         2
 Gell's Gravitas          Tloc           17%        N/A       22%         3
 Lesser Beckoning         Tloc           17%        N/A       22%         3
 Teleport Other           Tloc           17%        N/A       22%         3
 Manifold Assault         Tloc           17%        N/A       91%         5


Dungeon Overview and Level Annotations

Branches:
Dungeon (5/15)            Ossuary (visited)
 Temple: D:4-7

Altars:
Ru

Shops:
D:4 =


Innate Abilities, Weirdness & Mutations

You have a pair of small horns on your head.
Your demonic aura sometimes causes spilled blood to erupt in flames.
You have an unusually large brain. (Int +2)


Message History

The orc priest is heavily wounded.
The gnoll hits you with a +0 club.
The orc priest hits you with a +0 hand axe.
The gnoll hits you but does no damage.
You barely miss the orc priest.
The orc priest is heavily wounded.
The orc barely misses you. The gnoll hits you but does no damage.
The orc priest hits you with a +0 hand axe.
The gnoll closely misses you.
You closely miss the orc priest.
The orc priest is heavily wounded.
The orc hits you with a +0 mace.
You hit the orc priest.
The orc priest is heavily wounded.
The gnoll hits you with a +0 club.
The orc priest hits you but does no damage.
The gnoll hits you but does no damage. The orc hits you but does no damage.
You barely miss the orc priest.
The orc priest is heavily wounded.
The gnoll hits you with a +0 club.
The orc priest hits you but does no damage.
The gnoll hits you with a +0 flail.
You hit the orc priest but do no damage.
You headbutt the orc priest.
The orc priest is almost dead.
The orc hits you with a +0 mace.
A gnoll comes into view. It is wielding a +0 halberd.
The gnoll hits you but does no damage.
The orc priest hits you but does no damage.
The gnoll hits you with a +0 flail!
* * * LOW HITPOINT WARNING * * *
You closely miss the orc priest.
The orc priest is almost dead.
The orc barely misses you. The gnoll hits you with a +0 club.
* * * LOW HITPOINT WARNING * * *
The orc priest closely misses you. The gnoll hits you with a +0 flail.
* * * LOW HITPOINT WARNING * * *
The orc priest invokes the aid of Beogh against you.
Beogh smites you!
You die...

######### ....#
........#
........##.....
..^.....#
...............
.....)..# ............#
.......<# ...........#
........######......)..#
####....#........o.....#
...#....#........g.....#
##.#....#.......@○g....#
#.#...)#........)o....#
##.#....))...........g.#
.#.######.############.#
.#.# #...........# ..
...## #############.# #
..♣.# #.##♣.♣.# #.#
PP.♣♣###P♣.♣..♣ #.#
♣♣♣..♣PP.P.♣♣♣♣ ##.####
##


You could see an orc priest, 3 gnolls and an orc.

Vanquished Creatures
  Sigmund (D:4)
  A wraith (Ossuary)
  A necrophage (D:5)
  2 ice beasts
  3 sky beasts
  A centaur (D:5)
  Blork the orc (D:4)
  A water moccasin zombie (D:5)
  2 hounds
  4 orc priests
  A bullfrog skeleton (D:4)
  3 orc wizards (D:5)
  A hound skeleton (D:4)
  2 mummies
  Robin (D:4)
  2 gnolls (D:5)
  3 adders
  4 river rats (D:5)
  An adder skeleton (D:4)
  A worm (D:3)
  2 dart slugs
  12 orcs
  2 bats
  3 endoplasms
  7 giant cockroaches
  9 goblins
  11 hobgoblins
  7 kobolds
  6 quokkas
  8 ball pythons
  3 frilled lizards
  6 gnoll skeletons (Ossuary)
  7 kobold skeletons (Ossuary)
  12 orc skeletons (Ossuary)
  3 rats
134 creatures vanquished.

Vanquished Creatures (others)
  An orc (D:5)
  14 plants (D:5)
15 creatures vanquished.

Grand Total: 149 creatures vanquished

Notes
Turn   | Place    | Note
-------+----------+-------------------------------------------
     0 | D:1      | frimble the Demonspawn Warper began the quest for the Orb.
     0 | D:1      | Reached XP level 1. HP: 16/16 MP: 3/3
   312 | D:1      | Reached skill level 1 in Armour
   317 | D:1      | Reached skill level 1 in Throwing
   392 | D:1      | Found a faded altar of an unknown god.
   735 | D:1      | Gained mutation: Your demonic aura sometimes causes spilled
                  | blood to erupt in flames. [demonic ancestry]
   735 | D:1      | Reached XP level 2. HP: 22/22 MP: 5/5
  1136 | D:2      | Reached XP level 3. HP: 27/28 MP: 6/6
  1809 | D:3      | Noticed an ice beast
  2005 | D:3      | Killed an ice beast
  2006 | D:3      | Gained mutation: You have an unusually large brain. (Int
                  | +2) [demonic ancestry]
  2006 | D:3      | Reached XP level 4. HP: 33/34 MP: 7/7
  2127 | D:3      | Reached XP level 5. HP: 35/40 MP: 8/8
  2823 | D:4      | Found a sand-covered staircase.
  2838 | Ossuary  | Entered an ossuary
  2838 | Ossuary  | Noticed a wraith
  2838 | Ossuary  | Noticed a wraith
  2838 | Ossuary  | Noticed a wraith
  2985 | Ossuary  | Noticed a wraith
  3017 | Ossuary  | Killed a wraith
  3018 | Ossuary  | Gained mutation: You have a pair of small horns on your
                  | head. [demonic ancestry]
  3018 | Ossuary  | Reached XP level 6. HP: 29/47 MP: 9/9
  3259 | D:4      | Found Dejy's Jewellery Shop.
  3278 | D:4      | Noticed Robin
  3371 | D:4      | Killed Robin
  3685 | D:4      | Noticed Blork the orc
  3690 | D:4      | Killed Blork the orc
  3691 | D:4      | Reached XP level 7. HP: 44/52 MP: 10/10
  3702 | D:4      | Noticed Sigmund
  3718 | D:4      | Killed Sigmund
  3806 | D:4      | Reached skill level 5 in Short Blades
  4205 | D:5      | Entered Level 5 of the Dungeon
  4261 | D:5      | Found a sacrificial altar of Ru.
  4316 | D:5      | Reached skill level 5 in Throwing
  4445 | D:5      | Reached XP level 8. HP: 31/58 MP: 11/11
  5247 | D:5      | Killed from afar by an orc priest

Illustrated notes

Levels and vault maps discovered:
D:1:      sevenhm_arrival_forest_fort_small_6, layout_loops_ring,
          dreamdust_ecumenical_altar_statues
D:2:      layout_loops_ring, minmay_box_of_dots
D:3:      layout_basic, minmay_randomly_rotated_circles
D:4:      cheibrodos_helix_gallery, layout_cave_pods, gup_ossuary_entry_pyramid,
          serial_column_ruins, column_ruins_open_small, column_ruins_open_tiny,
          column_ruins_open_small, column_ruins_corridor_straight,
          column_ruins_grid_1, column_ruins_columns_straight, serial_shops,
          nicolae_shop_statue_plus, minmay_misc_feat_doors, st_stairs_2,
          minmay_unequal, uniq_robin, uniq_sigmund, uniq_blork_the_orc
D:5:      wad_woods_stonehenge, layout_basic, lemuel_doored_altar

Skill      XL: |  1  2  3  4  5  6  7  8 |
---------------+-------------------------+-----
Armour         | 1 |  1.1
Throwing       | 1 2 3 5 6 |  6.0
Short Blades   | 2 3 4 5 6 |  6.4
Dodging        | 2 |  2.5
Translocations | 3 4 |  4.0
Fighting       | 3 |  3.7
Stealth        | |  0.5
Spellcasting   | |  2.1

Action                   |  1- 3 |  4- 6 |  7- 9 || total
-------------------------+-------+-------+-------++-------
Melee: Short sword       |   190 |   306 |   351 ||   847
       Punch             |       |     4 |     5 ||     9
       Headbutt          |       |    39 |    74 ||   113
Throw: Boomerang         |     5 |       |       ||     5
Evoke: Wand              |       |     9 |     3 ||    12
  Use: Scroll            |       |     8 |       ||     8
Armor: Leather armour    |    24 |       |       ||    24
       Ring mail         |    45 |   173 |   142 ||   360
Dodge: Dodged            |    92 |   225 |   126 ||   443

Table legend: (Time is in decaauts)
 A = Elapsed time spent in this place.
 B = Non-inter-level travel time spent in this place.
 C = Inter-level travel time spent in this place.
 D = Time resting spent in this place.
 E = Time spent auto-exploring this place.
 F = Levels seen in this place.
 G = Mean time per level.
                   A        B        C        D        E       F      G
               +--------+--------+--------+--------+--------+-----+--------+
         Total |   5191 |   4951 |    240 |     25 |   3400 |   6 |  865.2 |
       Dungeon |   4846 |   4606 |    240 |      2 |   3269 |   5 |  969.2 |
       Ossuary |    344 |    344 |      0 |     23 |    131 |   1 |  344.0 |
               +--------+--------+--------+--------+--------+-----+--------+

Top non-repeatable levels by time:
     D:3: 1245 daAuts
     D:4: 1067 daAuts
     D:5: 948 daAuts
     D:1: 919 daAuts
     D:2: 665 daAuts
 Ossuary: 344 daAuts
